 Dungeon Crawl Stone Soup version 0.18.1-48-g4cf74bf (webtiles) character file.

49 Kisielow the Insei (level 3, 0/26 HPs)
             Began as a Merfolk Transmuter on Aug 11, 2016.
             Succumbed to an adder's poison
             ... on level 2 of the Dungeon.
             The game lasted 00:03:11 (2013 turns).

Kisielow the Insei (Merfolk Transmuter)             Turns: 2013, Time: 00:03:12

Health: 0/26       AC:  3    Str: 10    XL:     3   Next: 77%
Magic:  6/6        EV: 13    Int: 13    God:
Gold:   50         SH:  0    Dex: 14    Spells: 2 memorised, 2 levels left

rFire  . . .     SeeInvis .       - Unarmed
rCold  . . .     Gourm    .     b - +0 robe
rNeg   . . .     Faith    .     (no shield)
rPois  .         Spirit   .     (no helmet)
rElec  .         Dismiss  .     (no cloak)
rCorr  .         Reflect  .     e - +0 pair of gloves
SustAt .         Harm     .     (no boots)
MR     .....                    (no amulet)
Stlth  +.........               (no ring)
                                (no ring)

@: lethally poisoned (0 -> -6), not resistant to hostile enchantments, very
unstealthy
A: change form in water, swift swim
a: no special abilities


You were on level 2 of the Dungeon.
You were hungry.

You visited 1 branch of the dungeon, and saw 2 of its levels.

You collected 50 gold pieces.

Inventory:

Missiles
 a - 12 arrows
Armour
 b - a +0 robe (worn)
 e - a +0 pair of gloves (worn)
Jewellery
 f - an uncursed amulet of dismissal {unknown}
 i - an uncursed amulet of harm {unknown}
 j - an uncursed amulet of harm {unknown}
Scrolls
 h - 2 scrolls of recharging {unknown}
 k - 3 scrolls of identify {unknown}
 l - 2 scrolls of blinking {unknown}
Books
 c - a book of Changes

   Spells                             Type                      Level
   a - Beastly Appendage              Transmutation                1
   b - Sticks to Snakes               Transmutation                2
   c - Spider Form                    Transmutation/Poison         3
   d - Ice Form                       Ice/Transmutation            4
   e - Blade Hands                    Transmutation                5
Comestibles
 d - a bread ration
 g - 2 fruits
 n - a beef jerky


   Skills:
 - Level 1.1 Fighting
 - Level 2.6 Dodging
 - Level 5.0 Unarmed Combat
 - Level 2.0 Spellcasting
 * Level 2.9 Transmutations


You had 2 spell levels left.
You knew the following spells:

 Your Spells              Type           Power        Failure   Level  Hunger
a - Beastly Appendage     Trmt           #.....       10%         1    ##.....
q - Spider Form           Trmt/Pois      #.........   52%         3    ####...


Dungeon Overview and Level Annotations

Branches:
Dungeon (2/15)

Altars:


Message History

Found a stone staircase leading down.
An adder comes into view.
The adder closely misses you.
Found 25 arrows.
The adder barely misses you.
Found 4 gold pieces.
The adder bites you but does no damage.
A quokka comes into view.
The adder closely misses you. The quokka bites you.
* * * LOW HITPOINT WARNING * * *
A rat comes into view.
The adder misses you. The adder bites you.
* * * LOW HITPOINT WARNING * * *
You are lethally poisoned!
The adder poisons you!
* * * LOW HITPOINT WARNING * * *
You feel sick.
Found a meat ration.
You die...

.................>#
..............###.#
.........g...# #.#
.##....o....# #.#
#.$.....### #.# .
#.......# #o# ...
#rS.....# #g#
.....###.g.....# #.#
.......@........# #.#
..........#.....# #.#
..........#.....# #.#
.%.......r+...... #.###
..........#...... #....
..........+......###.###
..........#......#......
........<.#......#)##...
........# #$#


You could see an adder, an orc, a quokka, a hobgoblin, a goblin and a rat.

Vanquished Creatures
  An adder (D:1)
  An ooze (D:1)
  2 dart slugs
  An orc (D:2)
  5 bats (D:1)
  4 goblins
  4 hobgoblins
  4 jackals (D:1)
  2 kobolds
  A giant newt (D:1)
  2 rats (D:1)
  A fungus (D:1)
28 creatures vanquished.

Notes
Turn   | Place    | Note
--------------------------------------------------------------
     0 | D:1      | Kisielow the Merfolk Transmuter began the quest for the Orb.
     0 | D:1      | Reached XP level 1. HP: 15/15 MP: 3/3
   264 | D:1      | Reached XP level 2. HP: 21/21 MP: 5/5
   301 | D:1      | Reached skill level 4 in Unarmed Combat
   989 | D:1      | Reached XP level 3. HP: 23/26 MP: 6/6
  1708 | D:1      | Learned a level 3 spell: Spider Form
  1899 | D:2      | Reached skill level 5 in Unarmed Combat
  2012 | D:2      | HP: 1/26 [poisoned by an adder]
  2013 | D:2      | Succumbed to an adder's poison

Skill      XL: |  1  2  3 |
---------------+----------+-----
Unarmed Combat | 4 5 |  5.0
Fighting       | |  1.1
Dodging        | |  2.6
Spellcasting   | |  2.0
Transmutations | |  2.9

Action                   || total
-------------------------++-------
Melee: Unarmed           ||   134
       Punch             ||     3
       Headbutt          ||     2
 Cast: Beastly Appendage ||     1
  Use: Scroll            ||     2
 Stab: Sleeping          ||     1
  Eat: Fruit             ||     2
       Chunk             ||     1
Armor: Robe              ||    30
Dodge: Dodged            ||   102
